SA
GRIM REAPERS @ HAMMOND HERONS
07/26/2028
 
TOP OF THE 1ST
Grim Reapers batting - Pitching for Hammond Herons : RHP Tony Alfonso
Pitching: RHP Tony Alfonso
Batting: LHB Tung Ji 0-0: Called Strike
0-1: SINGLE (Line Drive, 8LS)
Batting: RHB Yoshi Kouda 0-0: Called Strike
0-1: Ball
1-1: Ball
2-1: SINGLE (Groundball, 25) (infield hit)
Tung Ji to second
Batting: LHB Dante Aristizabal 0-0: Foul Ball, location: 2F
0-1: Called Strike
0-2: Ball
1-2: Ball
2-2: Strikes out looking
Batting: RHB Ignacio Hernández 0-0: Foul Ball, location: 2F
0-1: Called Strike
0-2: Grounds into double play, 5-4-3 (Groundball, 5)
Top of the 1st over - 0 run(s), 2 hit(s), 0 error(s), 1 left on base; Grim 0 - Hammond 0
BOTTOM OF THE 1ST
Hammond Herons batting - Pitching for Grim Reapers : RHP Armando Romano
Pitching: RHP Armando Romano
Batting: RHB Héctor Rivera 0-0: Fly out, F1 (Line Drive, 15)
Batting: RHB Hirohisa Ogasawara 0-0: Ball
1-0: Ball
2-0: Foul Ball, location: 2F
2-1: Ball
3-1: Base on Balls
Batting: RHB Bill Rinck 0-0: Ball
Hirohisa Ogasawara is caught stealing 2nd base
1-0: Ball
2-0: Fly out, F8 (Line Drive, 8LM)
Bottom of the 1st over - 0 run(s), 0 hit(s), 0 error(s), 0 left on base; Grim 0 - Hammond 0
TOP OF THE 2ND
Grim Reapers batting - Pitching for Hammond Herons : RHP Tony Alfonso
Batting: SHB Cash Masters 0-0: Swinging Strike
0-1: Ball
1-1: Ball
2-1: Ground out 3-1 (Groundball, 34)
Batting: RHB Lu-fang Koo 0-0: Foul Ball, location: 2F
0-1: Ball
1-1: Swinging Strike
1-2: Ball
2-2: Foul Ball, location: 2F
2-2: Foul Ball, location: 2F
2-2: Foul Ball, location: 2F
2-2: Ball
3-2: Ground out 4-3 (Groundball, 4M)
Batting: RHB Luis Pagán 0-0: Called Strike
0-1: Foul Ball, location: 2F
0-2: Ball
1-2: Strikes out looking
Top of the 2nd over - 0 run(s), 0 hit(s), 0 error(s), 0 left on base; Grim 0 - Hammond 0
BOTTOM OF THE 2ND
Hammond Herons batting - Pitching for Grim Reapers : RHP Armando Romano
Batting: LHB Ramón Flores 0-0: Swinging Strike
0-1: Swinging Strike
0-2: Ball
1-2: Strikes out swinging
Batting: RHB Jean Lechuga 0-0: Foul Ball, location: 2F
0-1: Ball
1-1: Ball
2-1: Ball
3-1: Base on Balls
Batting: LHB Wilson López 0-0: Ball
Jean Lechuga is caught stealing 2nd base
1-0: Swinging Strike
1-1: Swinging Strike
1-2: Strikes out swinging
Bottom of the 2nd over - 0 run(s), 0 hit(s), 0 error(s), 0 left on base; Grim 0 - Hammond 0
TOP OF THE 3RD
Grim Reapers batting - Pitching for Hammond Herons : RHP Tony Alfonso
Batting: RHB Qu-bing Thien 0-0: Foul Ball, location: 2F
0-1: Ball
1-1: Called Strike
1-2: Strikes out swinging
Batting: RHB Bartolo Hernández 0-0: Called Strike
0-1: Foul Ball, location: 2F
0-2: Ball
1-2: Ball
2-2: Foul Ball, location: 2F
2-2: Ball
3-2: Ground out 6-3 (Groundball, 56)
Batting: LHB Tung Ji 0-0: Ground out 4-3 (Groundball, 4)
Top of the 3rd over - 0 run(s), 0 hit(s), 0 error(s), 0 left on base; Grim 0 - Hammond 0
BOTTOM OF THE 3RD
Hammond Herons batting - Pitching for Grim Reapers : RHP Armando Romano
Batting: RHB Guillermo Montepeque 0-0: Called Strike
0-1: Ball
1-1: Called Strike
1-2: Foul Ball, location: 2F
1-2: Ground out 3-1 (Groundball, 34)
Batting: SHB Alex Mable 0-0: Ball
1-0: Fly out, F7 (Flyball, 7S)
Batting: RHB Elijah Seymour 0-0: Ball
1-0: DOUBLE (Line Drive, 89D)
Batting: RHB Héctor Rivera 0-0: Called Strike
0-1: Foul Ball, location: 2F
0-2: Ball
1-2: Foul Ball, location: 2F
1-2: SINGLE (Line Drive, 4MD)
Elijah Seymour to third
Batting: RHB Hirohisa Ogasawara 0-0: Fly out, F7 (Flyball, 7LM)
Bottom of the 3rd over - 0 run(s), 2 hit(s), 0 error(s), 2 left on base; Grim 0 - Hammond 0
TOP OF THE 4TH
Grim Reapers batting - Pitching for Hammond Herons : RHP Tony Alfonso
Batting: RHB Yoshi Kouda 0-0: Fly out, F8 (Flyball, 8RM)
Batting: LHB Dante Aristizabal 0-0: Foul Ball, location: 2F
0-1: Called Strike
0-2: Strikes out swinging
Batting: RHB Ignacio Hernández 0-0: Foul Ball, location: 2F
0-1: Ball
1-1: Called Strike
1-2: Ball
2-2: Strikes out swinging
Top of the 4th over - 0 run(s), 0 hit(s), 0 error(s), 0 left on base; Grim 0 - Hammond 0
BOTTOM OF THE 4TH
Hammond Herons batting - Pitching for Grim Reapers : RHP Armando Romano
Batting: RHB Bill Rinck 0-0: Ball
1-0: Swinging Strike
1-1: Foul Ball, location: 2F
1-2: Ground out 3-1 (Groundball, 34)
Batting: LHB Ramón Flores 0-0: Ball
1-0: Foul Ball, location: 2F
1-1: Ball
2-1: Swinging Strike
2-2: Strikes out swinging
Batting: RHB Jean Lechuga 0-0: Called Strike
0-1: Ball
1-1: Ball
2-1: Swinging Strike
2-2: Ball
3-2: SINGLE (Groundball, 6MD)
Batting: LHB Wilson López 0-0: Called Strike
Jean Lechuga steals 2nd base
0-1: Foul Ball, location: 2F
0-2: Ball
1-2: Ball
2-2: Strikes out looking
Bottom of the 4th over - 0 run(s), 1 hit(s), 0 error(s), 1 left on base; Grim 0 - Hammond 0
TOP OF THE 5TH
Grim Reapers batting - Pitching for Hammond Herons : RHP Tony Alfonso
Batting: SHB Cash Masters 0-0: SINGLE (Groundball, 4M) (infield hit)
Batting: RHB Lu-fang Koo 0-0: Bunted foul
0-1: Bunted foul
0-2: Ball
1-2: Strikes out swinging
Batting: RHB Luis Pagán 0-0: Called Strike
0-1: Foul Ball, location: 2F
0-2: Foul Ball, location: 2F
0-2: Strikes out looking
Batting: RHB Qu-bing Thien 0-0: Ball
1-0: Called Strike
1-1: Foul Ball, location: 2F
1-2: Ball
2-2: Foul Ball, location: 2F
2-2: Strikes out swinging
Top of the 5th over - 0 run(s), 1 hit(s), 0 error(s), 1 left on base; Grim 0 - Hammond 0
BOTTOM OF THE 5TH
Hammond Herons batting - Pitching for Grim Reapers : RHP Armando Romano
Batting: RHB Guillermo Montepeque 0-0: Swinging Strike
0-1: Ball
1-1: Ball
2-1: Foul Ball, location: 2F
2-2: Foul Ball, location: 2F
2-2: Ball
3-2: Base on Balls
Batting: SHB Alex Mable 0-0: Sac Bunt - play at first, batter OUT! 1-3
Guillermo Montepeque to second
Batting: RHB Elijah Seymour 0-0: Called Strike
0-1: Ball
1-1: Foul Ball, location: 2F
1-2: Fly out, F8 (Line Drive, 8LM)
Batting: RHB Héctor Rivera 0-0: Called Strike
0-1: Called Strike
0-2: Ball
1-2: Foul Ball, location: 2F
1-2: Ball
2-2: Strikes out looking
Bottom of the 5th over - 0 run(s), 0 hit(s), 0 error(s), 1 left on base; Grim 0 - Hammond 0
TOP OF THE 6TH
Grim Reapers batting - Pitching for Hammond Herons : RHP Tony Alfonso
Batting: RHB Bartolo Hernández 0-0: Foul Ball, location: 2F
0-1: Ball
1-1: Reached on error, E6 (Groundball, 6)
Batting: LHB Tung Ji 0-0: Called Strike
0-1: Ball
1-1: Sac Bunt - play at third, runner OUT! 1-5
Batting: RHB Yoshi Kouda 0-0: Ball
1-0: Foul Ball, location: 2F
1-1: Ball
2-1: Foul Ball, location: 2F
2-2: Ball
Tung Ji is caught stealing 2nd base
3-2: Strikes out swinging
Top of the 6th over - 0 run(s), 0 hit(s), 1 error(s), 0 left on base; Grim 0 - Hammond 0
BOTTOM OF THE 6TH
Hammond Herons batting - Pitching for Grim Reapers : RHP Armando Romano
Batting: RHB Hirohisa Ogasawara 0-0: Swinging Strike
0-1: Swinging Strike
0-2: Strikes out swinging, 2-3 out at first.
Batting: RHB Bill Rinck 0-0: Called Strike
0-1: Swinging Strike
0-2: Ball
1-2: Ball
2-2: Ground out 6-3 (Groundball, 6)
Batting: LHB Ramón Flores 0-0: Ball
1-0: Ground out 6-3 (Groundball, 6)
Bottom of the 6th over - 0 run(s), 0 hit(s), 0 error(s), 0 left on base; Grim 0 - Hammond 0
TOP OF THE 7TH
Grim Reapers batting - Pitching for Hammond Herons : RHP Tony Alfonso
Batting: LHB Dante Aristizabal 0-0: Swinging Strike
0-1: Ball
1-1: Ball
2-1: Called Strike
2-2: Strikes out swinging
Pinch Hitting: RHB Carlos Evangelho 0-0: Called Strike
0-1: Foul Ball, location: 2F
0-2: Ball
1-2: Ball
2-2: Foul Ball, location: 2F
2-2: Foul Ball, location: 2F
2-2: Foul Ball, location: 2F
2-2: Strikes out swinging
Batting: SHB Cash Masters 0-0: Called Strike
0-1: Ball
1-1: SINGLE (Line Drive, 56)
Pinch Hitting: LHB Florin Matei 0-0: Called Strike
0-1: Foul Ball, location: 2F
0-2: Strikes out looking
Top of the 7th over - 0 run(s), 1 hit(s), 0 error(s), 1 left on base; Grim 0 - Hammond 0
BOTTOM OF THE 7TH
Hammond Herons batting - Pitching for Grim Reapers : RHP Armando Romano
Now at 3B: Florin Matei
Now at SS: Milos Jaksch
Batting: RHB Jean Lechuga 0-0: Called Strike
0-1: Ball
1-1: Swinging Strike
1-2: Ball
2-2: Fly out, F8 (Flyball, 8RM)
Batting: LHB Wilson López 0-0: Ball
1-0: Ball
2-0: Called Strike
2-1: Foul Ball, location: 2F
2-2: Ground out 4-3 (Groundball, 34D)
Pinch Hitting: RHB Landon Edwards 0-0: Ball
1-0: Swinging Strike
1-1: Ball
2-1: Called Strike
2-2: Ball
3-2: Foul Ball, location: 2F
3-2: Base on Balls
Batting: SHB Alex Mable 0-0: Ball
1-0: Swinging Strike
1-1: Fly out, F4 (Popup, 4MD)
Bottom of the 7th over - 0 run(s), 0 hit(s), 0 error(s), 1 left on base; Grim 0 - Hammond 0
TOP OF THE 8TH
Grim Reapers batting - Pitching for Hammond Herons : RHP Tony Alfonso
Now in RF: Landon Edwards
Pinch Hitting: RHB David Gaston 0-0: Called Strike
0-1: Ground out 2-3 (Groundball, 2R)
Pinch Hitting: RHB Héctor Flores 0-0: Ball
1-0: Ground out 5-3 (Groundball, 56)
Batting: RHB Bartolo Hernández 0-0: Foul Ball, location: 2F
0-1: Called Strike
0-2: Ball
1-2: Foul Ball, location: 2F
1-2: Foul Ball, location: 2F
1-2: Foul Ball, location: 2F
1-2: Strikes out swinging
Top of the 8th over - 0 run(s), 0 hit(s), 0 error(s), 0 left on base; Grim 0 - Hammond 0
BOTTOM OF THE 8TH
Hammond Herons batting - Pitching for Grim Reapers : RHP Armando Romano
Now at 1B: Héctor Flores
Now at 2B: Jeremia Philantha
Batting: RHB Elijah Seymour 0-0: Ball
1-0: Ball
2-0: Ball
3-0: Called Strike
3-1: Base on Balls
Batting: RHB Héctor Rivera 0-0: Bunted foul
0-1: Bunted foul
0-2: Foul Ball, location: 2F
0-2: Ball
1-2: Foul Ball, location: 2F
1-2: Fly out, F6 (Line Drive, 6)
Pitching: LHP John Hartley
Pinch Hitting: RHB John O'Neil 0-0: Called Strike
0-1: Ball
1-1: SINGLE (Flyball, 8LS)
Elijah Seymour to second
Batting: RHB Bill Rinck 0-0: Ball
1-0: Reached on error, E3 (Groundball, 34)
Elijah Seymour to third
John O'Neil to second
Batting: LHB Ramón Flores 0-0: Ball
1-0: Ball
2-0: Fly out, F9 (Line Drive, 9S)
Runner from 3rd tags up, SCORES, no throw
Batting: RHB Jean Lechuga 0-0: Called Strike
0-1: Foul Ball, location: 2F
0-2: Ball
1-2: Strikes out looking
Bottom of the 8th over - 1 run(s), 1 hit(s), 1 error(s), 2 left on base; Grim 0 - Hammond 1
TOP OF THE 9TH
Grim Reapers batting - Pitching for Hammond Herons : RHP Tony Alfonso
Pitching: RHP Toshiki Yokoyama
Now in RF: John O'Neil
Batting: LHB Tung Ji 0-0: Foul Ball, location: 2F
0-1: Foul Ball, location: 2F
0-2: Ball
1-2: Strikes out swinging
Batting: RHB Yoshi Kouda 0-0: Ball
1-0: Swinging Strike
1-1: Foul Ball, location: 2F
1-2: Strikes out looking
Batting: LHB Dante Aristizabal 0-0: DOUBLE (Line Drive, 3D)
Batting: RHB Milos Jaksch 0-0: Foul Ball, location: 2F
0-1: Ball
1-1: Ball
2-1: Ball
3-1: Foul Ball, location: 2F
3-2: Strikes out swinging
Top of the 9th over - 0 run(s), 1 hit(s), 0 error(s), 1 left on base; Grim 0 - Hammond 1
Friday, August 18th, 2017 - OOTP Baseball 17.12 Build 75